 Dungeon Crawl Stone Soup version 0.30-a0-373-gd37427bb62 (webtiles) character file.

Game seed: 8387828766297169145

92141 cowcol the Impaler (level 15, -5/134 HPs)
             Began as a Yellow Draconian Berserker on Nov 23, 2022.
             Was an Elder of Trog.
             Slain by a titanic slime creature (70 damage)
             ... on level 14 of the Dungeon.
             The game lasted 02:06:12 (32515 turns).

cowcol the Impaler (Yellow Draconian Berserker)    Turns: 32515, Time: 02:06:12

Health: -5/134     AC: 19    Str: 25    XL:     15   Next: 57%
Magic:  15/15      EV: 17    Int:  8    God:    Trog [****..]
Gold:   2022       SH:  7    Dex: 12    Spells: 14/14 levels left

rFire   + . .      SeeInvis .    y - +9 lance "Wyrmbane" {slay drac, rPois rF+ rC+ AC+3}
rCold   + + .      Faith    .    n - +1 buckler {AC+3}
rNeg    . . .      Spirit   .    (body armour unavailable)
rPois   +          Reflect  .    (helmet restricted)
rElec   .          Harm     .    D - scarf {repulsion}
rCorr   +          Rampage  .    w - +1 pair of gloves
Will    +....                    B - +1 pair of boots
Stlth   +++.......               F - amulet of regeneration
HPRegen 1.22/turn                V - ring of protection from fire
MPRegen 0.14/turn                A - ring of ice

@: short of breath, studying Throwing, repel missiles
A: spit acid, AC +9, unfitting armour, acidic bite, cold-blooded, acid
resistance
a: Breathe Acid, Renounce Religion, Berserk, Trog's Hand, Brothers in Arms


You were on level 14 of the Dungeon.
You worshipped Trog.
Trog was greatly pleased with you.
You visited 3 branches of the dungeon, and saw 21 of its levels.
You also visited: Sewer and Gauntlet.

You collected 2659 gold pieces.
You spent 637 gold pieces at shops.

Inventory:

Hand Weapons
 s - a +3 great mace
 y - the +9 lance "Wyrmbane" (weapon) {slay drac, rPois rF+ rC+ AC+3}
   (You took it off Maggie on level 6 of the Dungeon)

   It inflicts extra damage against dragons and draconians.
   AC:        It affects your AC (+3).
   rF:        It protects you from fire.
   rC:        It protects you from cold.
   rPois:     It protects you from poison.
 L - a +2 glaive
 S - a +4 broad axe
Missiles
 k - 50 poisoned darts (quivered)
 C - 6 silver boomerangs
Armour
 n - a +1 buckler of protection (worn)
 w - a +1 pair of gloves (worn)
 B - a +1 pair of boots (worn)
 D - a scarf of repulsion (worn)
Jewellery
 b - a ring of ice
 e - a ring of protection from cold
 i - a ring of flight
 l - an amulet of reflection
 p - a ring of resist corrosion
 r - a ring of resist corrosion
 A - a ring of ice (right hand)
 F - an amulet of regeneration (around neck)
 K - a ring of willpower
 M - the amulet of Elemental Vulnerability {rPois rF-- rC-- AC+8}
   (You found it on level 2 of the Lair of Beasts)

   [amulet of nothing]

   AC:        It affects your AC (+8).
   rF:        It makes you very vulnerable to fire.
   rC:        It makes you very vulnerable to cold.
   rPois:     It protects you from poison.
 O - a ring of magical power
 V - a ring of protection from fire (left hand)
Wands
 d - a wand of mindburst (16)
 J - a wand of flame (28)
 N - a wand of acid (5)
 R - a wand of charming (6)
 Y - a wand of digging (4)
Scrolls
 j - 4 scrolls of teleportation
 m - 3 scrolls of fear
 o - a scroll of silence
 q - a scroll of summoning
 u - a scroll of identify
 v - a scroll of blinking
 H - a scroll of fog
Potions
 c - 3 potions of flight
 f - 4 potions of cancellation
 g - 7 potions of heal wounds
 h - 2 potions of haste
 t - 2 potions of brilliance
 x - 4 potions of ambrosia
 E - 4 potions of curing
 G - 2 potions of might
 I - a potion of berserk rage
 T - a potion of resistance
 Z - a potion of invisibility
Miscellaneous
 a - a lightning rod (4/4)
 z - a condenser vane
 P - a phantom mirror
 Q - a tin of tremorstones (2/2)
 U - a condenser vane
 W - a tin of tremorstones (2/2)
 X - a phial of floods


   Skills:
 + Level 12.8 Fighting
 * Level 12.1(15.5) Axes
 * Level 15.8(17.3) Polearms
 - Level 0.1 Throwing
 * Level 12.9 Dodging
 + Level 6.6 Stealth
 + Level 8.4 Shields
 + Level 0.8 Evocations


You had 14 spell levels left.
You didn't know any spells.
Your spell library contained the following spells:

 Spells                   Type           Power      Damage    Failure   Level
 Ensorcelled Hibernation  Hex/Ice        0%         N/A       63%         2
 Ignite Poison            Fire/Tmut/Pois 0%         N/A       85%         3
 Spider Form              Tmut/Pois      0%         N/A       85%         3
 Anguish                  Hex/Necr       0%         N/A       99%         4
 Sticky Flame             Conj/Fire      0%         2d3       99%         4
 Alistair's Intoxication  Tmut/Pois      0%         N/A       100%        5
 Borgnjor's Vile Clutch   Necr/Erth      0%         N/A       100%        5
 Eringya's Noxious Bog    Tmut/Pois      0%         N/A       100%        6
 Ignition                 Fire           0%         3d3       100%        8


Dungeon Overview and Level Annotations

Branches:
Dungeon (14/15)            Temple (0/1) D:7            Lair (5/5) D:8
  Swamp (0/4) Lair:3        Snake (0/4) Lair:3        Slime (0/5) Lair:4
    Orc (2/2) D:12            Elf (0/3) Orc:2        Vaults (0/5) D:14
  Sewer (visited)         Gauntlet (visited)

Altars:
Fedhas
Gozag
Kikubaaqudgha
Okawaru
Ru
Uskayaw
Xom
Zin
Jiyva

Shops:
D:1 (?(   D:5 !   D:12 (   Orc:1 *[   Orc:2 !(:*

Annotations:
Lair:5 exclusion: obsidian statue


Innate Abilities, Weirdness & Mutations

You can spit globs of acid.
Your golden yellow scales are hard. (AC +9)
You cannot fit into any form of body armour.
You have acidic saliva.
You are cold-blooded and may be slowed by cold attacks.
You are resistant to acid. (rCorr)


Message History

You puncture the slime creature!
You tail-slap the slime creature, but do no damage.
The slime creature is lightly wounded.
Throw: 51 darts (poison)
Press: ? - help, Q - select action, (/) - cycle Shift-Dir - straight line, f - slime creature
Aim: a slime creature (lightly wounded, 84% to hit)
You throw a poisoned dart.
The poisoned dart hits the slime creature.
The slime creature is poisoned.
The slime creature is lightly wounded.
The slime creature quivers.
A slime creature comes into view.
The slime creature misses you.
Two slime creatures merge to form a large slime creature.
Two slime creatures merge to form a very large slime creature.
Press: ? - help, Shift-Dir - straight line, f/p - very large slime creature
Aim: a very large slime creature (lightly wounded, poisoned, 93% to hit)
You spit a glob of acid.
The glob of acid hits the very large slime creature!
The acid corrodes the very large slime creature!
The acid splashes onto the slime creature!
The slime creature is splashed with acid.
The acid corrodes the slime creature!
The very large slime creature is lightly wounded.
The slime creature quivers.
Two slime creatures merge to form an enormous slime creature.
You puncture the enormous slime creature!
The enormous slime creature is lightly wounded.
The enormous slime creature looks more healthy.
Two slime creatures merge to form a titanic slime creature.
You puncture the titanic slime creature!
You bite the titanic slime creature, but do no damage.
The titanic slime creature is lightly wounded.
The titanic slime creature hits you!!!
Ouch! That really hurt!
You hear a horrible gurgling sound!
The titanic slime creature attacks as you move away!
The titanic slime creature hits you!!!
Ouch! That really hurt!
You die...

##..<..............#####....#
#.)................#...#....#
...................#...#....#
.................. #...†....#
.#............ #...#....#
.#.......###########...#....#
.#.......# #.........#....#
.#.......# #.........+....#
.#.......# ###@####..#...>#
.#.>..... #J# #..#....# ##
.J. #..#....# #.... #..#....#
#.....'..# ##....#..# #...##
#...#


You could see a titanic slime creature (corroded) and a slime creature.

Vanquished Creatures
  Kirke (D:12)
  A dire elephant (Lair:5)
  A minotaur (Gauntlet)
  Snorg (D:12)
  Josephine (D:12)
  4 vault guards
  Harold (D:11)
  Erolcha (D:9)
  4 ogre magi
  9 hydras
  A centaur warrior (D:8)
  Erica (Lair:2)
  4 boulder beetles
  7 death yaks
  13 two-headed ogres
  An orc high priest (Orc:2)
  Nergalle (D:12)
  Urug (D:13)
  A skeletal warrior (D:9)
  Lodul (D:10)
  A spectral anaconda (Lair:5)
  3 wizards
  Pikel (D:8)
  2 deep elf pyromancers
  A phantasmal warrior (D:13)
  3 necromancers (Lair:5)
  A wolf spider (Gauntlet)
  2 ugly things
  2 manticores
  3 cyclopes
  A slime creature (D:13)
  A moth of wrath (Gauntlet)
  6 elephants (Lair:5)
  Joseph (D:9)
  An ice statue (D:10)
  4 black mambas
  18 cane toads
  Maggie (D:6)
  4 gargoyles
  2 rime drakes
  Psyche (D:8)
  2 efreet
  12 komodo dragons
  2 freezing wraiths (D:14)
  A yaktaur (shapeshifter) (D:9)
  9 trolls
  3 polar bears
  A queen bee (Gauntlet)
  A wolf spider simulacrum (D:14)
  A wind drake (shapeshifter) (D:14)
  A tyrant leech (Lair:3)
  A hornet (D:9)
  A slime creature (shapeshifter) (D:9)
  Prince Ribbit (D:6)
  29 blink frogs
  5 dream sheep
  2 spectral elephants (Lair:5)
  A dire elephant simulacrum (Lair:5)
  9 wraiths
  3 vampires
  3 shadows
  2 wyverns
  11 basilisks
  20 yaks
  Eustachio (D:5)
  A steam dragon (D:8)
  2 hogs (D:12)
  6 vampire mosquitoes (D:13)
  A death yak simulacrum (Lair:5)
  2 redbacks (Gauntlet)
  2 swamp worms (Lair:3)
  A spectral cane toad (Lair:5)
  An acid dragon (D:12)
  10 orc warriors
  6 water moccasins
  Pargi (Sewer)
  An ice beast (D:7)
  5 black bears
  43 ogres
  10 wolves
  4 centaurs
  2 elephant zombies (Lair:5)
  3 phantoms
  A lemure (D:8)
  2 kobold brigands
  An elephant skeleton (Lair:5)
  5 bullfrogs
  2 necrophages
  2 gnoll sergeants
  4 scorpions
  26 killer bees
  2 electric eels (Lair:1)
  4 howler monkeys
  A jelly (D:8)
  8 orc priests
  3 hounds
  4 iguanas
  14 orc wizards
  12 gnolls
  6 adders
  A shadow imp (Gauntlet)
  5 white imps
  3 worms
  4 dart slugs
  56 orcs
  11 ball pythons
  7 bats
  2 endoplasms
  3 giant cockroaches
  7 goblins
  3 hobgoblins
  15 kobolds
  5 quokkas
  A frilled lizard (D:2)
  7 rats
564 creatures vanquished.

Vanquished Creatures (collateral kills)
  2 dire elephants (Lair:5)
  The ghost of GiantSquids the Frost Mage, a journeyman DrGl of Ru (D:12)
  A death knight (D:14)
  A death yak (Lair:5)
  A necromancer (Lair:5)
  A slime creature (D:13)
  An elephant (Lair:5)
  A wraith (D:14)
  A cane toad simulacrum (Lair:5)
10 creatures vanquished.

Vanquished Creatures (others)
  A human (D:12)
  An orc wizard (D:9)
  An orc (D:12)
  39 fungi
  56 plants
  51 withered plants
149 creatures vanquished.

Grand Total: 723 creatures vanquished

Notes
Turn   | Place    | Note
-------+----------+-------------------------------------------
     0 | D:1      | cowcol the Draconian Berserker began the quest for the Orb.
     0 | D:1      | Reached XP level 1. HP: 19/19 MP: 1/1
    52 | D:1      | Found a faded altar of an unknown god.
   109 | D:1      | Found Teityt's Weapon Emporium.
   220 | D:1      | Found Vyisch's Magic Scroll Shop.
   429 | D:1      | Found Wuismota's Weapon Emporium.
   761 | D:2      | Reached XP level 2. HP: 26/26 MP: 2/2
   873 | D:2      | HP: 1/27 [poisoned by an adder]
  1090 | D:2      | Reached XP level 3. HP: 33/33 MP: 3/3
  1651 | D:2      | Reached ** piety under Trog
  1705 | D:3      | Reached XP level 4. HP: 19/40 MP: 4/4
  2122 | D:3      | Noticed a black bear
  2133 | D:3      | Killed a black bear
  2134 | D:3      | Reached XP level 5. HP: 39/47 MP: 5/5
  2497 | D:3      | Found a glowing silver altar of Zin.
  2497 | D:3      | Found a shimmering altar of Xom.
  2505 | D:3      | Found an iron altar of Okawaru.
  2521 | D:3      | Reached skill level 5 in Axes
  2521 | D:3      | Reached XP level 6. HP: 34/53 MP: 6/6
  2588 | D:3      | Found a faded altar of an unknown god.
  2590 | D:3      | Found a faded altar of an unknown god.
  2733 | D:4      | Found a glowing drain.
  2768 | Sewer    | Entered a sewer
  2874 | Sewer    | Noticed Pargi
  2895 | Sewer    | Killed Pargi
  3195 | D:4      | Reached skill level 1 in Stealth
  3195 | D:4      | Reached skill level 1 in Shields
  3285 | D:4      | Your scales start taking on a golden yellow colour.
  3285 | D:4      | Reached XP level 7. HP: 60/60 MP: 7/7
  3285 | D:4      | Gained mutation: You are resistant to acid. (rCorr) [Yellow
                  | Draconian growth]
  3509 | D:4      | Reached skill level 5 in Fighting
  4010 | D:4      | Found a hide-covered altar of Uskayaw.
  4137 | D:5      | Entered Level 5 of the Dungeon
  4162 | D:5      | Reached *** piety under Trog
  4377 | D:5      | Found Manyqov's Distillery.
  4383 | D:5      | Bought a potion of curing for 33 gold pieces
  4502 | D:5      | Reached skill level 5 in Dodging
  4653 | D:5      | Noticed Eustachio
  4660 | D:5      | Killed Eustachio
  4661 | D:5      | Reached XP level 8. HP: 68/68 MP: 8/8
  4716 | D:5      | Noticed a troll
  4728 | D:5      | Killed a troll
  5333 | D:5      | Found a blossoming altar of Fedhas.
  5345 | D:5      | Found a sacrificial altar of Ru.
  5720 | D:6      | Noticed Prince Ribbit
  5729 | D:6      | Killed Prince Ribbit
  5730 | D:6      | Reached XP level 9. HP: 75/75 MP: 9/9
  5959 | D:6      | Noticed Maggie
  6066 | D:6      | Killed Maggie
  6468 | D:7      | Reached skill level 1 in Polearms
  6529 | D:7      | Found a staircase to the Ecumenical Temple.
  6655 | D:7      | Reached skill level 2 in Polearms
  6845 | D:7      | Found an opulent altar of Gozag.
  6987 | D:7      | Reached skill level 3 in Polearms
  7120 | D:7      | Reached skill level 4 in Polearms
  7205 | D:7      | Found an ancient bone altar of Kikubaaqudgha.
  7639 | D:8      | Noticed Psyche
  7662 | D:8      | Killed Psyche
  7663 | D:8      | Reached XP level 10. HP: 84/84 MP: 10/10
  7918 | D:8      | Noticed a two-headed ogre
  7947 | D:8      | Killed a two-headed ogre
  7948 | D:8      | Reached skill level 5 in Polearms
  8137 | D:8      | Reached skill level 6 in Polearms
  8148 | D:8      | Noticed Pikel
  8196 | D:8      | Killed Pikel
  8345 | D:8      | Reached skill level 7 in Polearms
  8458 | D:8      | Reached **** piety under Trog
  8536 | D:8      | Found a staircase to the Lair.
  8724 | Lair:1   | Entered Level 1 of the Lair of Beasts
  8737 | Lair:1   | Noticed a cane toad
  8766 | Lair:1   | Killed a cane toad
  8767 | Lair:1   | Reached skill level 8 in Polearms
  8992 | Lair:1   | Noticed a cane toad
  9006 | Lair:1   | Killed a cane toad
  9050 | Lair:1   | Noticed a black mamba
  9056 | Lair:1   | Killed a black mamba
  9057 | Lair:1   | Reached skill level 9 in Polearms
  9066 | Lair:1   | Noticed a cane toad
  9083 | Lair:1   | Killed a cane toad
  9084 | Lair:1   | Reached XP level 11. HP: 35/92 MP: 11/11
 10090 | Lair:2   | Found the amulet of Elemental Vulnerability {rPois rF--
                  | rC-- AC+8}
 10128 | Lair:2   | Reached skill level 10 in Polearms
 10479 | Lair:2   | Noticed Erica
 10496 | Lair:2   | Killed Erica
 10497 | Lair:2   | Reached skill level 5 in Shields
 10590 | Lair:2   | Reached skill level 11 in Polearms
 11612 | Lair:3   | Noticed a death yak
 11612 | Lair:3   | Noticed a death yak
 11624 | Lair:3   | Noticed a death yak
 11629 | Lair:3   | Killed a death yak
 11639 | Lair:3   | Killed a death yak
 11670 | Lair:3   | Killed a death yak
 11671 | Lair:3   | Reached skill level 12 in Polearms
 11869 | Lair:3   | Reached XP level 12. HP: 103/103 MP: 12/12
 12129 | Lair:3   | Noticed a five-headed hydra
 12137 | Lair:3   | Killed a five-headed hydra
 12402 | Lair:3   | Found a staircase to the Snake Pit.
 12408 | Lair:3   | Noticed a six-headed hydra
 12415 | Lair:3   | Killed a six-headed hydra
 12416 | Lair:3   | Reached skill level 5 in Stealth
 12574 | Lair:3   | Found a staircase to the Swamp.
 12944 | Lair:4   | Noticed a boulder beetle
 13502 | Lair:4   | Killed a boulder beetle
 13807 | Lair:4   | Found a viscous altar of Jiyva.
 13810 | Lair:4   | Found a staircase to the Slime Pits.
 14013 | Lair:4   | Noticed a death yak
 14015 | Lair:4   | Noticed a death yak
 14037 | Lair:4   | Killed a death yak
 14038 | Lair:4   | Reached skill level 13 in Polearms
 14046 | Lair:4   | Killed a death yak
 14129 | Lair:4   | Reached skill level 10 in Axes
 14426 | Lair:4   | Noticed a four-headed hydra
 14505 | Lair:4   | Killed a four-headed hydra
 14578 | Lair:4   | Reached XP level 13. HP: 111/111 MP: 13/13
 14995 | Lair:5   | Entered Level 5 of the Lair of Beasts
 15861 | Lair:5   | Reached skill level 10 in Fighting
 16036 | Lair:5   | Reached skill level 10 in Dodging
 16540 | Lair:5   | Noticed a dire elephant
 16540 | Lair:5   | Noticed a dire elephant
 16640 | Lair:5   | Noticed a dire elephant
 17385 | Lair:5   | Killed a dire elephant
 17386 | Lair:5   | Reached skill level 14 in Polearms
 17389 | Lair:5   | Killed a dire elephant
 17395 | Lair:5   | Killed a dire elephant
 17747 | Lair:5   | Identified the +6 short sword "Plog" {elec, +Blink rC++
                  | Dex-2 SInv}
 17823 | Lair:5   | Upgraded the game from 0.30-a0-371-gad7725a93e to
                  | 0.30-a0-373-gd37427bb62
 18196 | D:1      | Bought a scroll of identify for 20 gold pieces
 18196 | D:1      | Bought a scroll of identify for 20 gold pieces
 18196 | D:1      | Bought a scroll of enchant weapon for 75 gold pieces
 18196 | D:1      | Bought a scroll of identify for 20 gold pieces
 19246 | D:9      | Gained mutation: You have acidic saliva. [Yellow Draconian
                  | growth]
 19246 | D:9      | Reached XP level 14. HP: 35/122 MP: 14/14
 19810 | D:9      | Noticed Erolcha
 19825 | D:9      | Killed Erolcha
 20212 | D:9      | Noticed Joseph
 20220 | D:9      | Killed Joseph
 20419 | D:10     | Entered Level 10 of the Dungeon
 20419 | D:10     | You fall into a shaft and drop 1 floor!
 20702 | D:10     | Reached ***** piety under Trog
 20861 | D:10     | Noticed Lodul
 20883 | D:10     | Killed Lodul
 21602 | D:11     | Noticed Harold
 21678 | D:11     | Killed Harold
 22668 | D:12     | Noticed Snorg
 22702 | D:12     | Noticed Kirke
 22710 | D:12     | Killed Kirke
 22717 | D:12     | Killed Snorg
 22757 | D:12     | Noticed Josephine
 22771 | D:12     | Killed Josephine
 22949 | D:12     | Found a runed translucent door.
 22950 | D:12     | Noticed GiantSquids's ghost (journeyman DrGl)
 22985 | D:12     | Found a staircase to the Orcish Mines.
 22988 | D:12     | Found Bubruifi's Antique Weapon Shoppe.
 22988 | D:12     | Noticed Nergalle
 23004 | D:12     | Killed Nergalle
 23490 | D:12     | Killed GiantSquids's ghost
 23590 | Orc:1    | Entered Level 1 of the Orcish Mines
 23828 | Orc:1    | Found Cytux's Armour Shop.
 23885 | Orc:1    | Bought a +1 buckler of protection for 231 gold pieces
 23958 | Orc:1    | Found Meekhli's Merry Market.
 24468 | Orc:2    | Entered Level 2 of the Orcish Mines
 24718 | Orc:2    | Found a staircase to the Elven Halls.
 25181 | Orc:2    | Reached skill level 15 in Polearms
 25828 | Orc:2    | Reached XP level 15. HP: 132/132 MP: 15/15
 26027 | Orc:2    | Found Sytiys's Distillery.
 26027 | Orc:2    | Found Idwih's Book Shop.
 26028 | Orc:2    | Found Keobamer's Antique Weapon Shop.
 26028 | Orc:2    | Found Xudea's Assorted Antiques.
 26043 | Orc:2    | Bought a potion of heal wounds for 55 gold pieces
 26043 | Orc:2    | Bought a potion of heal wounds for 55 gold pieces
 26046 | Orc:2    | Bought a scroll of identify for 64 gold pieces
 26046 | Orc:2    | Bought a scroll of identify for 64 gold pieces
 29396 | D:13     | Received a gift from Trog
 29674 | D:13     | Noticed Urug
 29685 | D:13     | Killed Urug
 30340 | D:14     | Found a gate to the Vaults.
 30535 | D:14     | Found a gate leading to a gauntlet.
 30545 | Gauntlet | Entered a Gauntlet
 30545 | Gauntlet | Found a transporter.
 30545 | Gauntlet | Found a transporter.
 30546 | Gauntlet | Found a transporter.
 30549 | Gauntlet | Found a transporter.
 30549 | Gauntlet | Found a transporter.
 30549 | Gauntlet | Found a transporter.
 30560 | Gauntlet | Found a transporter.
 30564 | Gauntlet | Found a transporter.
 30565 | Gauntlet | Found a transporter.
 30565 | Gauntlet | Found a transporter.
 30578 | Gauntlet | Found a transporter.
 30610 | Gauntlet | Found a transporter.
 32515 | D:14     | Slain by a titanic slime creature

Illustrated notes

Levels and vault maps discovered:
D:1:      lightli_arrival_lavapool, layout_loops_ring, basic_ecumenical_altar,
          serial_shops, nicolae_shop_bloodbath_and_beyond, shop, shop_statue,
          nicolae_figureground_sparkle
D:2:      minmay_evil_eye, layout_loops_cross
D:3:      layout_rooms, chequers_temple_overflow_minitemple,
          minmay_fractal_squares_5
D:4:      layout_loops_ring, mainiacjoe_overflow_alcove_2,
          cheibrodos_sewer_entry_sluice, grunt_decor_one_mirror,
          grunt_decor_resistance
D:5:      layout_basic, minitemple, serial_shops, nicolae_shop_stone,
          serial_aquarium, aquarium_bridge_long_separate
          [aquarium_subvault_balcony, aquarium_subvault_window,
          aquarium_subvault_bridge, aquarium_subvault_bridge,
          aquarium_subvault_bridge, aquarium_subvault_bridge],
          aquarium_window_corner, aquarium_window_1, aquarium_window_corner,
          aquarium_view_2c, aquarium_view_2d, aquarium_pool_1, uniq_eustachio
D:6:      layout_basic, st_stairs_1, uniq_prince_ribbit1, uniq_maggie
D:7:      layout_loops_corners, grunt_gozag_statues,
          mainiacjoe_overflow_six_doors_small, minmay_temple_entry_waves,
          chequers_serial_rivers_micro_c
D:8:      layout_cave_pools, david_lair_shrubbed, uniq_pikel, uniq_psyche
D:9:      layout_loops_ring, minivault_28, uniq_erolcha, uniq_joseph
D:10:     layout_cave_pools, minivault_16, uniq_lodul
D:11:     layout_loops_ring, uniq_harold
D:12:     nicolae_cairo_tiling, layout_basic, serial_shops, shop,
          gammafunk_ghost_grave, minmay_holes, uniq_kirke, uniq_snorg,
          uniq_nergalle, uniq_josephine
D:13:     layout_irregular_city, uniq_urug
D:14:     layout_gridville, lightli_vaults_fourway_checkpoint,
          lemuel_doored_altar, gauntlet_entry_generic, uniq_roxanne
Lair:1:   layout_cellular_growth, serial_bayou_ford_a, lemuel_fruit_fields,
          infiniplex_staircase_pool_2, lemuel_fruit_tree
Lair:2:   layout_regular_city, uniq_erica
Lair:3:   layout_roguey, palyth_hydra_swamp_entry
Lair:4:   layout_layer_cave, slime_entry_1, beast_lair_carwin_5
Lair:5:   due_jungle_book, layout_regular_city, grunt_megastairs_3
Orc:1:    layout_caves, serial_shops, nicolae_diamond_shop,
          nicolae_alphabet_shops, mines1_david
Orc:2:    st_orc_ogre_mass, layout_diamond_mine

Skill      XL: |  1  2  3  4  5  6  7  8  9 10 11 12 13 14 15 |
---------------+----------------------------------------------+-----
Dodging        | 3 4 5 6 7 9 10 12 | 12.9
Fighting       | 4 5 6 7 8 9 10 12 | 12.8
Axes           | 4 5 6 8 9 10 11 12 | 12.1
Stealth        | 1 2 3 4 5 6 |  6.6
Shields        | 1 2 3 4 5 6 7 8 |  8.4
Polearms       | 4 9 12 13 14 15 | 15.8
Throwing       | |  0.1
Evocations     | |  0.8

Action                   |  1- 3 |  4- 6 |  7- 9 | 10-12 | 13-15 || total
-------------------------+-------+-------+-------+-------+-------++-------
Melee: Hand axe          |    95 |   171 |   217 |       |       ||   483
       Tailslap          |     6 |    16 |    48 |    80 |   264 ||   414
       Lance             |       |       |   106 |   555 |  1358 ||  2019
       Bite              |       |       |       |       |   142 ||   142
Throw: Stone             |     3 |       |       |       |       ||     3
       Dart              |       |       |    12 |    24 |    80 ||   116
Invok: Berserk           |     2 |     2 |     8 |    13 |    27 ||    52
       Trog's Hand       |       |       |     2 |     7 |    10 ||    19
       Brothers in Arms  |       |       |       |       |     4 ||     4
 Abil: Breathe Acid      |       |       |    15 |    20 |    48 ||    83
Evoke: Phantom mirror    |       |       |       |       |     1 ||     1
       Condenser vane    |       |       |       |       |     1 ||     1
       Wand              |       |       |       |       |     5 ||     5
  Use: Scroll            |     4 |     3 |    10 |     3 |    20 ||    40
       Potion            |       |       |     6 |     2 |     4 ||    12
 Stab: Sleeping          |       |     2 |     2 |     8 |     1 ||    13
       Invisible         |       |       |     1 |       |       ||     1
       Distracted        |       |       |       |       |     1 ||     1
Armor: Skin              |    33 |    56 |    84 |   107 |   292 ||   572
Dodge: Dodged            |    54 |   104 |   151 |   196 |   626 ||  1131
       Repelled          |       |       |       |     2 |     9 ||    11
Block: Buckler           |     2 |    37 |    63 |   119 |   338 ||   559

Table legend: (Time is in decaauts)
 A = Elapsed time spent in this place.
 B = Non-inter-level travel time spent in this place.
 C = Inter-level travel time spent in this place.
 D = Time resting spent in this place.
 E = Time spent auto-exploring this place.
 F = Levels seen in this place.
 G = Mean time per level.
                   A        B        C        D        E       F      G
               +--------+--------+--------+--------+--------+-----+--------+
         Total |  32171 |  30754 |   1417 |  11370 |  11784 |  23 | 1398.7 |
       Dungeon |  19220 |  18125 |   1095 |   7081 |   7295 |  14 | 1372.9 |
          Lair |   9029 |   8788 |    241 |   2850 |   3788 |   5 | 1805.8 |
  Orcish Mines |   2530 |   2450 |     80 |    774 |    701 |   2 | 1265.0 |
         Sewer |    320 |    320 |      0 |     94 |      0 |   1 |  320.0 |
      Gauntlet |   1070 |   1070 |      0 |    569 |      0 |   1 | 1070.0 |
               +--------+--------+--------+--------+--------+-----+--------+

Top non-repeatable levels by time:
    D:12: 3695 daAuts
  Lair:5: 2493 daAuts
  Lair:4: 2349 daAuts
     D:8: 1982 daAuts
  Lair:3: 1787 daAuts
    D:13: 1605 daAuts
     D:5: 1505 daAuts
  Lair:1: 1388 daAuts
   Orc:2: 1359 daAuts
    D:10: 1249 daAuts
     D:6: 1227 daAuts
     D:4: 1181 daAuts
   Orc:1: 1171 daAuts
     D:3: 1123 daAuts
     D:7: 1108 daAuts
